 Dungeon Crawl Stone Soup version 0.30-a0-782-ge64f9170bb (webtiles) character file.

Game seed: 12987735811093356255

22 IndexError the Shooter (level 2, -3/18 HPs)
             Began as a Gargoyle Hunter on Mar 1, 2023.
             Slain by a worm (7 damage)
             ... on level 2 of the Dungeon.
             The game lasted 00:01:33 (1073 turns).

IndexError the Shooter (Gargoyle Hunter)            Turns: 1073, Time: 00:01:34

Health: -3/18      AC:  5    Str: 14    XL:     2   Next: 91%
Magic:  2/2        EV: 11    Int:  9    God:
Gold:   15         SH:  0    Dex: 13    Spells: 1/1 levels left

rFire   . . .      SeeInvis .    a - +0 shortbow
rCold   . . .      Faith    .    (shield currently unavailable)
rNeg    + . .      Spirit   .    c - +0 leather armour
rPois   ∞          Reflect  .    (no helmet)
rElec   +          Harm     .    (no cloak)
rCorr   .          Rampage  .    (no gloves)
Will    .....                    (no boots)
Stlth   +                        (no amulet)
HPRegen 0.23/turn                (no ring)
MPRegen 0.08/turn                (no ring)

@: no status effects
A: sickness immunity, AC +2, negative energy resistance 1, electricity
resistance, torment resistance 1, petrification resistance
a: no special abilities


You were on level 2 of the Dungeon.
You visited 1 branch of the dungeon, and saw 2 of its levels.

You collected 15 gold pieces.

Inventory:

Hand Weapons
 a - a +0 shortbow (weapon)
Armour
 c - a +0 leather armour (worn)
 h - a +0 ring mail
   (You found it on level 1 of the Dungeon)
 i - a +0 robe
   (You found it on level 1 of the Dungeon)
 j - a +0 robe
   (You found it on level 1 of the Dungeon)
 k - a +0 chain mail
   (You found it on level 1 of the Dungeon)
 p - a +0 robe
   (You found it on level 2 of the Dungeon)
Scrolls
 b - a scroll of immolation {!r}
 e - a scroll of noise {unknown}
 l - a scroll of enchant weapon {unknown}
 m - a scroll of magic mapping {unknown}
 n - a scroll of fog {unknown}
 o - 2 scrolls of identify {unknown}
 q - a scroll of brand weapon {unknown}
Potions
 d - a potion of attraction {unknown}
 f - a potion of ambrosia {unknown}
 g - a potion of flight {unknown}


   Skills:
 + Level 2.7 Fighting
 * Level 4.6 Ranged Weapons
 - Level 1.5 Dodging
 - Level 1.1 Stealth


You had one spell level left.
You didn't know any spells.
Your spell library was empty.

Dungeon Overview and Level Annotations

Branches:
Dungeon (2/15)

Altars:


Innate Abilities, Weirdness & Mutations

You are immune to sickness and miasma.
Your stone body is resilient. (AC +2)
You are immune to poison.
You resist negative energy. (rN+)
You are resistant to electric shocks. (rElec)
You are resistant to unholy torment.
You are immune to petrification.


Message History

You see here a rat corpse.
A kobold comes into view. It is wielding a +0 whip.
Found a stone staircase leading down.
The kobold shouts!
The kobold throws a stone.
The stone hits you.
You take 1 damage, and have 17/18 hp.
You shoot an arrow. The arrow hits the kobold.
The kobold throws a stone.
The stone hits you.
You take 1 damage, and have 16/18 hp.
You shoot an arrow. The arrow closely misses the kobold.
You shoot an arrow. The arrow barely misses the kobold.
An endoplasm comes into view.
You shoot an arrow. The arrow hits the kobold.
You shoot an arrow. The arrow hits the endoplasm.
You shoot an arrow. The arrow hits the endoplasm!
Health restored: 18
Things that are here:
a +0 whip; a stone
There is a stone staircase leading down here.
An endoplasm comes into view.
You shoot an arrow. The arrow hits the endoplasm!
No target in view!
No target in view!
No target in view!
A rat comes into view.
You shoot an arrow.
The arrow hits the rat but does no damage.
You shoot an arrow. The arrow barely misses the rat.
You shoot an arrow. The arrow hits the rat!
No target in view!
No target in view!
p - a +0 robe
q - a scroll labelled DOROACEBRIADE A worm comes into view.
You see here a scroll labelled YBED FEMPI.
Spoiler Alert: The worm (asleep) can hit for moderate damage in melee!
You shoot an arrow. The arrow hits the worm.
Spoiler Alert: The worm can hit for moderate damage in melee!
You shoot an arrow. The arrow barely misses the worm.
You shoot an arrow. The arrow hits the worm.
A rat comes into view.
You shoot an arrow. The arrow hits the rat!
An adder comes into view.
You shoot an arrow. The arrow misses the adder.
The adder hisses angrily.
You shoot an arrow. The arrow barely misses the adder.
Spoiler Alert: The worm can hit for moderate damage in melee!
You shoot an arrow. The arrow barely misses the worm.
You shoot an arrow. The arrow hits the worm.
You shoot an arrow. The arrow hits the worm.
The worm bites you!
You take 7 damage, and have 11/18 hp.
MASSIVE DAMAGE!!
You shoot an arrow.
The arrow hits the worm but does no damage.
The worm bites you!
* * * LOW HITPOINT WARNING * * *
Spoiler Alert: The worm can hit for moderate damage in melee!
You take 7 damage, and have 4/18 hp.
MASSIVE DAMAGE!!
You are too injured to fight recklessly!
You are too injured to fight recklessly!
You are too injured to fight recklessly!
You are too injured to fight recklessly!
You are too injured to fight recklessly!
Spoiler Alert: The worm can hit for moderate damage in melee!
You are too injured to fight recklessly!
Fire: a) +0 shortbow
Press: ? - help, Q - select action Shift-Dir - straight line, f/p - worm
Aim: a worm (moderately wounded, 79% to hit)
You shoot an arrow. The arrow barely misses the worm.
The adder closely misses you. The worm bites you but does no damage.
The adder closely misses you.
Spoiler Alert: The worm can hit for moderate damage in melee!
Fire: a) +0 shortbow
Press: ? - help, Q - select action Shift-Dir - straight line, f/p - worm
Aim: a worm (moderately wounded, 79% to hit)
You shoot an arrow. The arrow hits the worm!
The adder bites you but does no damage. The worm barely misses you.
Fire: a) +0 shortbow
Press: ? - help, Q - select action Shift-Dir - straight line, f/p - worm
Aim: a worm (severely wounded, 79% to hit)
You shoot an arrow. The arrow barely misses the worm.
The adder barely misses you. x2; The worm barely misses you.
Spoiler Alert: The worm can hit for moderate damage in melee!
Fire: a) +0 shortbow
Press: ? - help, Q - select action Shift-Dir - straight line, f/p - worm
Aim: a worm (heavily wounded, 79% to hit)
You shoot an arrow.
The arrow hits the worm but does no damage.
The adder bites you.
* * * LOW HITPOINT WARNING * * *
The adder bites you.
* * * LOW HITPOINT WARNING * * *
Spoiler Alert: The worm can hit for moderate damage in melee!
You take 2 damage, and have 3/18 hp.
Fire: a) +0 shortbow
Press: ? - help, Q - select action Shift-Dir - straight line, f/p - worm
Aim: a worm (heavily wounded, 79% to hit)
You shoot an arrow.
The arrow hits the worm but does no damage.
The adder bites you but does no damage. The worm bites you!
You die...

.#####............#######
..............##..#
#######.#####.##..# ...#
#.# #.##..###### ##.# #..
#.##......?. # ##
#.##.##.####### #
#......#..#######. #.
####..#S#.<....... #.
##.#@###.#####.
##.######### # #w# .#
....<....... ..# .#
##...####### .... .#
###.# ..### ## ####.# #..
.....########.)
..........>##.
###..#####.#


You could see a worm and an adder.

Vanquished Creatures
  2 ball pythons (D:1)
  5 endoplasms
  2 giant cockroaches (D:1)
  2 hobgoblins (D:1)
  2 kobolds
  3 bats (D:1)
  A frilled lizard (D:1)
  A goblin (D:1)
  3 rats (D:2)
21 creatures vanquished.

Notes
Turn   | Place    | Note
-------+----------+-------------------------------------------
     0 | D:1      | IndexError the Gargoyle Hunter began the quest for the Orb.
     0 | D:1      | Reached XP level 1. HP: 12/12 MP: 1/1
   288 | D:1      | Reached XP level 2. HP: 18/18 MP: 2/2
  1068 | D:2      | HP: 4/18 [worm (7)]
  1073 | D:2      | Slain by a worm

Illustrated notes

Levels and vault maps discovered:
D:1:      dpeg_arrival_short_road, layout_loops_corners, kennysheep_minor_cross
D:2:      layout_loops_ring, hellmonk_ecumenical_altar_pennies_from_heaven,
          item_on_display_a

Action                     || total
---------------------------++-------
   Fire: Shortbow          ||    61
 Armour: Leather armour    ||    12
  Dodge: Dodged            ||    12

Table legend: (Time is in decaauts)
 A = Elapsed time spent in this place.
 B = Non-inter-level travel time spent in this place.
 C = Inter-level travel time spent in this place.
 D = Time resting spent in this place.
 E = Time spent auto-exploring this place.
 F = Levels seen in this place.
 G = Mean time per level.
                   A        B        C        D        E       F      G
               +--------+--------+--------+--------+--------+-----+--------+
         Total |   1092 |   1009 |     83 |      0 |    884 |   2 |  546.0 |
       Dungeon |   1092 |   1009 |     83 |      0 |    884 |   2 |  546.0 |
               +--------+--------+--------+--------+--------+-----+--------+

Top non-repeatable levels by time:
     D:1: 948 daAuts
     D:2: 144 daAuts

Table legend:
 A = Kills in this place as a percentage of kills in entire the game.
 B = Kills by you in this place as a percentage of kills by you in the entire game.
 C = Kills by friends in this place as a percentage of kills by friends in the entire game.
 D = Other kills in this place as a percentage of other kills in the entire game.
 E = Experience gained in this place as a percentage of experience gained in the entire game.
 F = Experience gained in this place divided by the number of levels of this place that you have seen.
                   A       B       C       D       E      F
               +-------+-------+-------+-------+-------+----------------------
         Total | 100.0 | 100.0 |   N/A |   N/A | 100.0 |  16.0
       Dungeon | 100.0 | 100.0 |   N/A |   N/A | 100.0 |  16.0
               +-------+-------+-------+-------+-------+----------------------
